 Dungeon Crawl Stone Soup version 0.18-a0-211-gcfb53b4 (webtiles) character file.

72 hexophile the Chopper (level 4, 0/33 HPs)
             Began as a Formicid Gladiator on Nov 24, 2015.
             Succumbed to a worker ant's poison
             ... on level 3 of the Dungeon.
             The game lasted 00:03:29 (584 turns).

hexophile the Chopper (Formicid Gladiator)           Turns: 584, Time: 00:03:29

Health: 0/33       AC:  3    Str: 19    XL:     4   Next: 48%
Magic:  4/4        EV: 12    Int:  9    God:
Gold:   61         SH:  0    Dex: 11    Spells: 0 memorised, 3 levels left

rFire  . . .     SeeInvis +     a - +0 war axe
rCold  . . .     Clarity  .     b - +0 leather armour
rNeg   . . .     SustAt   .     (no shield)
rPois  .         Gourm    .     (helmet unavailable)
rElec  .         Spirit   .     (no cloak)
rCorr  .         Warding  .     (no gloves)
rMut   .         Stasis   +     (no boots)
MR     .....                    (no amulet)
Stlth  +.........               (no ring)
                                (no ring)

@: lethally poisoned (0 -> -8), flying, not resistant to hostile enchantments,
very unstealthy
A: permanent stasis, dig shafts and tunnels, four strong arms, antennae 3
a: Dig, Shaft Self


You were on level 3 of the Dungeon.
You were not hungry.

You visited 1 branch of the dungeon, and saw 3 of its levels.

You collected 61 gold pieces.


Innate Abilities, Weirdness & Mutations

You are under a permanent stasis effect.
You can dig through walls and to a lower floor.
Your four strong arms can wield two-handed weapons with a shield.
You have a pair of large antennae on your head (SInv).

Inventory:

Hand Weapons
 a - a +0 war axe (weapon)
Missiles
 F - 3 throwing nets (quivered) {+f}
Armour
 b - a +0 leather armour (worn)
Scrolls
 d - a scroll of noise {unknown}
 h - a scroll of magic mapping {unknown}
 i - a scroll of blinking {unknown}
 j - a scroll of identify {unknown}
Comestibles
 c - 6 chunks of flesh
 f - a royal jelly
 r - 2 bread rations


You had 3 spell levels left.
You didn't know any spells.


   Skills:
 - Level 2.1 Fighting
 + Level 5.0 Axes
 - Level 1.5 Throwing
 - Level 2.6 Dodging

Dungeon Overview and Level Annotations

Branches:
Dungeon (3/15)

Altars:

Vault maps used:
D:1:      roderic_dead_forest
D:3:      makhleb_grotto_becter, ecumenical_altar_1
You       could see an orc.


Message History

The worker ant bites you.
You are poisoned.
The worker ant poisons you!
You lost 3 HP.
You have now: 15/27 HP.
You hit the worker ant.
The worker ant is lightly wounded.
You feel sick. The worker ant barely misses you.
The worker ant closely misses you.
You lost 1 HP.
You have now: 14/27 HP.
You completely miss the worker ant.
The worker ant is lightly wounded.
You feel sick. The worker ant bites you.
You lost 2 HP.
You have now: 12/27 HP.
You slash the worker ant!
The worker ant is heavily wounded.
The worker ant barely misses you.
You hit the worker ant.
The worker ant is almost dead.
You feel sick. The worker ant bites you!
* * * LOW HITPOINT WARNING * * *
You are more poisoned.
The worker ant poisons you!
The worker ant misses you. !MASSIVE DAMAGE!
YOU LOST 8 HP!
You have now: 4/27 HP.
You hit the worker ant.
You kill the worker ant!
You have reached level 4!
You feel clever.
* * * LOW HITPOINT WARNING * * *
You feel sick. The orc barely misses you.
You got additional 6 HP.
You lost 1 HP.
You have now: 3/33 HP.
Unknown command.
Unknown command.
Drink which item? (? for menu, Esc to quit)
It was a potion of flight.
You feel very buoyant.
You fly up into the air.
* * * LOW HITPOINT WARNING * * *
You feel sick.
You lost 1 HP.
You have now: 2/33 HP.
You slash the orc!
You kill the orc!
Your Axes skill increases to level 5!
* * * LOW HITPOINT WARNING * * *
You feel sick.
You lost 1 HP.
You have now: 1/33 HP.
Unknown command.
Unknown command.
You closely miss the orc.
You die...

Action                   |  1- 3 |  4- 6 || total
-------------------------+-------+-------++-------
Melee: War axe           |    53 |     2 ||    55
  Use: Potion            |     1 |     1 ||     2

Notes
Turn   | Place    | Note
--------------------------------------------------------------
     0 | D:1      | hexophile the Formicid Gladiator began the quest for the Orb.
     0 | D:1      | Reached XP level 1. HP: 16/16 MP: 1/1
   179 | D:1      | Reached XP level 2. HP: 17/22 MP: 2/2
   443 | D:3      | Reached skill level 4 in Axes
   443 | D:3      | Reached XP level 3. HP: 27/27 MP: 3/3
   444 | D:3      | Found a faded altar to an unknown god.
   581 | D:3      | Reached XP level 4. HP: 4/33 MP: 4/4
   583 | D:3      | Reached skill level 5 in Axes
   583 | D:3      | HP: 1/33 [poisoned by a worker ant]
   584 | D:3      | Succumbed to a worker ant's poison

Table legend:
 A = Turns spent in this place as a percentage of turns spent in the entire game.
 B = Non-inter-level travel turns spent in this place as a percentage of non-inter-level travel turns spent in the entire game.
 C = Inter-level travel turns spent in this place as a percentage of turns spent in this place.
 D = Turns resting spent in this place as a percentage of non-inter-level travel turns spent in this place.
 E = Turns spent auto-exploring this place as a percentage of non-inter-level travel turns spent in this place.
 F = Non-inter-level travel turns spent in this place divided by the number of levels of this place that you've seen.
                   A       B       C       D       E      F
               +-------+-------+-------+-------+-------+----------------------
         Total | 100.0 | 100.0 |   0.4 |   0.4 |   0.0 | 174.0
       Dungeon | 100.0 | 100.0 |   0.4 |   0.4 |   0.0 | 174.0
               +-------+-------+-------+-------+-------+----------------------

Table legend:
 A = Kills in this place as a percentage of kills in entire the game.
 B = Kills by you in this place as a percentage of kills by you in the entire game.
 C = Kills by friends in this place as a percentage of kills by friends in the entire game.
 D = Other kills in this place as a percentage of other kills in the entire game.
 E = Experience gained in this place as a percentage of experience gained in the entire game.
 F = Experience gained in this place divided by the number of levels of this place that you have seen.
                   A       B       C       D       E      F
               +-------+-------+-------+-------+-------+----------------------
         Total | 100.0 | 100.0 |  -nan |  -nan | 100.0 |  34.3
       Dungeon | 100.0 | 100.0 |  -nan |  -nan | 100.0 |  34.3
               +-------+-------+-------+-------+-------+----------------------

Vanquished Creatures
  A worker ant (D:3)
  2 adders
  2 worms (D:3)
  3 orcs (D:3)
  2 giant cockroaches
  3 hobgoblins
  2 kobolds (D:1)
  A ball python (D:3)
  A bat (D:1)
  2 giant newts
  4 goblins
  3 rats
26 creatures vanquished.
